 Dungeon Crawl Stone Soup version 0.21.0 (webtiles) character file.

794 BrokenGlass the Grappler (level 7, -7/46 HPs)
             Began as an Octopode Fighter on Jan 7, 2018.
             Was a Follower of Ashenzari.
             Mangled by an orc warrior
             ... wielding a +0 long sword
              (14 damage)
             ... on level 6 of the Dungeon.
             The game lasted 00:04:48 (5412 turns).

BrokenGlass the Grappler (Octopode Fighter)         Turns: 5412, Time: 00:04:49

Health: -7/46      AC:  1    Str: 17    XL:     7   Next: 89%
Magic:  7/7        EV: 14    Int: 11    God:    Ashenzari [*.....]
Gold:   344        SH:  0    Dex: 11    Spells: 5/6 levels left

rFire    . . .     SeeInvis .     - Unarmed
rCold    . . .     Gourm    .   (no shield)
rNeg     . . .     Faith    .   (helmet restricted)
rPois    .         Spirit   .   (no amulet)
rElec    .         Reflect  .   (no ring)
rCorr    .         Harm     .   (no ring)
MR       .....                  (no ring)
Stlth    ++........             (no ring)
HPRegen  0.15/turn              (no ring)
MPRegen  0.10/turn              (no ring)
                                (no ring)
                                (no ring)

@: lethally poisoned (-7 -> -9)
A: almost no armour, stealthy swim, amphibious, 8 rings, constrict 8, camouflage
1, gelatinous body 1
a: Curse Item, Scrying, Renounce Religion


You were on level 6 of the Dungeon.
You worshipped Ashenzari.
Ashenzari was aware of your devotion.
You were hungry.

You visited 1 branch of the dungeon, and saw 6 of its levels.

You collected 344 gold pieces.

Inventory:

Missiles
 g - 93 bolts
 q - 2 throwing nets (quivered)
 t - 2 poisoned tomahawks
Armour
 a - a +0 shield
Wands
 o - a wand of polymorph (6)
Scrolls
 d - 8 scrolls of identify {unknown}
 e - a scroll of enchant weapon {unknown}
 h - 3 scrolls of magic mapping {unknown}
 i - 2 scrolls of teleportation {unknown}
 k - 6 scrolls of remove curse
 p - 2 scrolls of noise {unknown}
 r - a scroll of immolation {unknown}
 v - a scroll of amnesia {unknown}
Potions
 b - 5 potions of might
 f - a potion of heal wounds {unknown}
 j - 5 potions of curing
 l - 3 potions of lignification {unknown}
 m - 2 potions of cancellation {unknown}
 n - 2 potions of resistance {unknown}
 s - a potion of brilliance {unknown}
Books
 u - a book of Misfortune

   Spells                             Type                      Level
   a - Confusing Touch                Hexes                        1
   b - Confuse                        Hexes                        3
   c - Gell's Gravitas                Translocation                3
   d - Petrify                        Transmutation/Earth          4
   e - Metabolic Englaciation         Hexes/Ice                    5
   f - Yara's Violent Unravelling     Hexes/Transmutation          5
Comestibles
 c - 7 rations


   Skills:
 - Level 3.0 Fighting
 - Level 3.0 Dodging
 - Level 3.0 Shields
 + Level 8.8 Unarmed Combat


You had 5 spell levels left.
You knew the following spells:

 Your Spells              Type           Power        Failure   Level  Hunger
a - Confusing Touch       Hex            #.....       34%         1    ##.....


Dungeon Overview and Level Annotations

Branches:
Dungeon (6/15)
 Temple: D:4-7

Altars:
Ashenzari
Hepliaklqana
Qazlal
Ru
Uskayaw

Shops:
D:6 }


Innate Abilities, Weirdness & Mutations

You cannot wear most types of armour.
You are very stealthy in the water. (Stealth+)
You are amphibious.
You can wear up to eight rings at the same time.
You can use your tentacles to constrict eight enemies at once.
Your skin changes colour to match your surroundings (Stealth+).
Your rubbery body absorbs attacks. (AC +1, EV +1)


Message History

Your grab misses the orc warrior.
The orc warrior is moderately wounded.
You tentacle-slap the orc warrior. Your grab misses the orc warrior.
The orc warrior is moderately wounded.
You feel sick. The orc warrior closely misses you.
You tentacle-slap the orc warrior but do no damage.
Your grab misses the orc warrior.
The orc warrior is moderately wounded.
The orc warrior closely misses you.
You barely miss the orc warrior. Your grab misses the orc warrior.
The orc warrior is moderately wounded.
You closely miss the orc warrior. Your grab misses the orc warrior.
The orc warrior is moderately wounded.
The orc warrior hits you with a long sword!
* * * LOW HITPOINT WARNING * * *
You closely miss the orc warrior. Your grab misses the orc warrior.
The orc warrior is moderately wounded.
You feel sick.
The orc warrior hits you with a long sword!
You die...

.... #..#
#. ##..##
#.# #....#
#.##
#####%...#
#####...
.........#
#.......
#.....o#
#.###.##
#.#..#o#
#.# #.##
#..#@# #.#
#...
....#.#
#.###.##
....##.#
#.(...##
##.## #.#
#..#####
#. #.#
##..#####
# #.#
#.(......
#.#
#...#####
#.# #...#
# #.#
#)..# #


You could see an orc warrior and an orc.

Vanquished Creatures
  An ogre (D:6)
  2 bullfrogs (D:6)
  2 scorpions (D:6)
  A howler monkey (D:6)
  A centaur zombie (D:5)
  2 orc priests (D:6)
  A hound (D:4)
  An iguana (D:5)
  2 orc wizards (D:6)
  2 worker ants
  A killer bee zombie (D:6)
  2 hound zombies (D:5)
  A hound skeleton (D:4)
  An adder (D:2)
  3 oozes
  3 adder skeletons
  3 dart slugs
  5 leopard geckos
  16 orcs
  3 giant cockroaches
  7 goblins
  8 hobgoblins
  9 jackals
  3 kobolds
  A quokka (D:6)
  A ball python (D:3)
  5 bats
  3 frilled lizards
  7 rats
97 creatures vanquished.

Notes
Turn   | Place    | Note
-------+----------+-------------------------------------------
     0 | D:1      | BrokenGlass the Octopode Fighter began the quest for the Orb.
     0 | D:1      | Reached XP level 1. HP: 16/16 MP: 1/1
    20 | D:1      | Noticed an electric eel
    35 | D:1      | Found a shattered altar of Ashenzari.
    44 | D:1      | Became a worshipper of Ashenzari the Shackled
   175 | D:1      | Reached XP level 2. HP: 18/21 MP: 2/2
   729 | D:1      | Reached skill level 3 in Unarmed Combat
  1109 | D:2      | Reached XP level 3. HP: 23/26 MP: 3/3
  1399 | D:2      | Found a stormy altar of Qazlal.
  1418 | D:2      | Found a stormy altar of Qazlal.
  1477 | D:2      | Reached skill level 4 in Unarmed Combat
  1650 | D:2      | Reached XP level 4. HP: 31/31 MP: 4/4
  2026 | D:3      | Found a hazy altar of Hepliaklqana.
  2077 | D:3      | Found a hide-covered altar of Uskayaw.
  2122 | D:3      | Reached * piety under Ashenzari
  2842 | D:4      | Reached skill level 5 in Unarmed Combat
  2843 | D:4      | Reached XP level 5. HP: 20/36 MP: 5/5
  3357 | D:5      | Entered Level 5 of the Dungeon
  3454 | D:5      | Found a sacrificial altar of Ru.
  3492 | D:5      | Reached skill level 6 in Unarmed Combat
  3492 | D:5      | Reached XP level 6. HP: 12/42 MP: 6/6
  3784 | D:5      | Learned a level 1 spell: Confusing Touch
  4307 | D:6      | Reached skill level 7 in Unarmed Combat
  4392 | D:6      | Reached XP level 7. HP: 17/46 MP: 7/7
  4636 | D:6      | Found Lukoix's Gadget Shoppe.
  4842 | D:6      | Reached skill level 8 in Unarmed Combat
  5412 | D:6      | Mangled by an orc warrior

Skill      XL: |  1  2  3  4  5  6  7 |
---------------+----------------------+-----
Unarmed Combat | 3 4 5 6 7 8 |  8.8
Fighting       | |  3.0
Dodging        | |  3.0
Shields        | |  3.0

Action                   |  1- 3 |  4- 6 |  7- 9 || total
-------------------------+-------+-------+-------++-------
Melee: Unarmed           |    74 |   102 |    61 ||   237
       Constrict         |    22 |    27 |    15 ||    64
       Tentacles         |    15 |    20 |    16 ||    51
       Punch             |     4 |     5 |     2 ||    11
 Cast: Confusing Touch   |       |     1 |       ||     1
  Use: Potion            |       |     1 |       ||     1
 Stab: Sleeping          |     3 |     6 |     1 ||    10
       Confused          |       |     1 |       ||     1
  Eat: Chunk             |     2 |     9 |     2 ||    13
Armor: Skin              |    13 |     5 |     1 ||    19
Dodge: Dodged            |    69 |    64 |    33 ||   166
